 Dungeon Sprint DCSS version 0.30-a0-605-gb2882149bf (webtiles) character file.

Game seed: 6052268169430479199

0 NinjaNoafa the Magician (level 1, -3/16 HPs)
             Began as a Djinni Fire Elementalist on Jan 7, 2023.
             Slain by a river rat (6 damage)
             ... in the Dungeon (Sprint IV: "Fedhas' Mad Dash").
             The game lasted 00:00:53 (18 turns).

NinjaNoafa the Magician (Djinni Fire Elementalist)    Turns: 18, Time: 00:00:54

Health: -3/16      AC:  2    Str:  7    XL:     1   Next: 11%
Gold:   0          EV: 12    Int: 16    God:
                   SH:  0    Dex: 13

rFire   + + .      SeeInvis .    (no weapon)
rCold   x . .      Faith    .    (no shield)
rNeg    . . .      Spirit   .    a - +0 robe
rPois   ∞          Reflect  .    (no helmet)
rElec   .          Harm     .    (no cloak)
rCorr   .          Rampage  .    (no gloves)
Will    .....      NoTele   +    (boots unavailable)
Stlth   ++                       (no amulet)
HPRegen 0.22/turn                (no ring)
MPRegen 0.00/turn                (no ring)

@: flying, very slightly contaminated
A: sickness immunity, fire resistance 2, cold vulnerability 1, float, innate
caster, HP casting, extra vitality 1
a: no special abilities


You were in the Dungeon.
You visited 1 branch

Inventory:

Armour
 a - a +0 robe (worn)
Scrolls
 g - a scroll of blinking
Potions
 b - 3 potions of magic
 c - a potion of curing
 e - a potion of haste
 f - a potion of berserk rage


   Skills:
 + Level 0.4 Fighting
 + Level 2.3 Dodging
 - Level 1.5 Stealth
 * Level 2.5 Spellcasting


You couldn't memorise any spells.
You knew the following spells:

 Your Spells              Type           Power      Damage    Failure   Level
a - Foxfire               Conj/Fire      40%        2x1d6     7%          1
b - Scorch                Fire           20%        2d6       11%         2
c - Kindle Blastsparks    Fire/Tloc/Air  20%        2d11      21%         3
d - Inner Flame           Hex/Fire       10%        N/A       21%         3
e - Flame Wave            Conj/Fire      10%        2d6       56%         4
Your spell library was empty.

Dungeon Overview and Level Annotations

Branches:
Dungeon (1/1)

Altars:


Innate Abilities, Weirdness & Mutations

You are immune to sickness and miasma.
You are immune to poison.
Your flesh is very heat resistant. (rF++)
You are vulnerable to cold. (rC-)
You float through the air rather than walking.
You learn spells naturally, not from books.
Your magical power is your life essence.
You have superior vitality. (+4 MHP)


Message History

The foxfire hits the river rat.
The river rat is lightly wounded.
The river rat bites you!
Ouch! That really hurt!
Your magical contamination has completely faded away.
Casting: Foxfire (safe; 8% risk of failure)
Confirm with . or Enter, or press ? or * to list all spells.
You conjure some foxfire!
The rat bites the fungus.
The fungus begins to die.
The foxfire hits the river rat but does no damage.
The river rat is lightly wounded.
Casting: Foxfire (safe; 8% risk of failure)
Confirm with . or Enter, or press ? or * to list all spells.
You conjure some foxfire!
The foxfire hits the river rat but does no damage.
The river rat is lightly wounded.
The foxfire hits the rat.
You kill the rat!
Casting: Foxfire (safe; 7% risk of failure)
Confirm with . or Enter, or press ? or * to list all spells.
You miscast Foxfire.
You are very lightly contaminated with residual magic.
Nothing appears to happen.
* * * LOW HITPOINT WARNING * * *
The river rat barely misses you.
Casting: Foxfire (safe; 7% risk of failure)
Confirm with . or Enter, or press ? or * to list all spells.
You miscast Foxfire.
Nothing appears to happen.
* * * LOW HITPOINT WARNING * * *
The river rat barely misses you.
Casting: Foxfire (safe; 7% risk of failure)
Confirm with . or Enter, or press ? or * to list all spells.
You conjure some foxfire!
* * * LOW HITPOINT WARNING * * *
The river rat closely misses you.
Your foxfire dissipates!
A nearby fungus withers and dies.
The foxfire hits the river rat but does no damage.
The river rat is lightly wounded.
The river rat bites you.
You die...

############
#<.rP#.....#
#PP.@'.?...+
#PPP.#.....#
############


You could see a river rat.

Vanquished Creatures
  A rat (D)
1 creature vanquished.

Vanquished Creatures (collateral kills)
  2 foxfires (D)
2 creatures vanquished.

Vanquished Creatures (others)
  5 foxfires (D)
  A fungus (D)
6 creatures vanquished.

Grand Total: 9 creatures vanquished

Notes
Turn   | Place    | Note
-------+----------+-------------------------------------------
     0 | D        | NinjaNoafa the Djinni Fire Elementalist began the quest for
                  | the Orb.
     0 | D        | NinjaNoafa set off with the following spells memorised:
                  | Foxfire, Scorch, Kindle Blastsparks, Inner Flame, Flame
                  | Wave.
     0 | D        | Reached XP level 1. HP: 15/15 MP: 0/0
    18 | D        | Slain by a river rat

Illustrated notes

Levels and vault maps discovered:
D:        dungeon_sprint_fedhas [sprint_temple]

Action                   || total
-------------------------++-------
 Cast: Foxfire           ||     6
  Use: Potion            ||     1
Armor: Robe              ||     1
Dodge: Dodged            ||     5

Table legend: (Time is in decaauts)
 A = Elapsed time spent in this place.
 B = Non-inter-level travel time spent in this place.
 C = Inter-level travel time spent in this place.
 D = Time resting spent in this place.
 E = Time spent auto-exploring this place.
 F = Levels seen in this place.
 G = Mean time per level.
                   A        B        C        D        E       F      G
               +--------+--------+--------+--------+--------+-----+--------+
         Total |     18 |     18 |      0 |      0 |      0 |   1 |   18.0 |
       Dungeon |     18 |     18 |      0 |      0 |      0 |   1 |   18.0 |
               +--------+--------+--------+--------+--------+-----+--------+

Top non-repeatable levels by time:
       D: 18 daAuts
